 Dungeon Crawl Stone Soup version 0.31-a0-971-g75a2e9a4b4 (webtiles) character file.

Game seed: 9714075525665642331

4624 avis the Nimble (level 10, -1/45 HPs)
             Began as a Felid Artificer on Oct 29, 2023.
             Was an Initiate of Gozag.
             Slain by a skeletal warrior
             ... wielding a +0 dire flail
              (22 damage)
             ... on level 8 of the Dungeon.
             The game lasted 00:46:36 (9342 turns).

avis the Nimble (Felid Artificer)                   Turns: 9342, Time: 00:46:37

Health: -1/45      AC:  2    Str: 10    XL:     10   Next: 19%
Magic:  11/11      EV: 32    Int: 13    God:    Gozag
Gold:   247        SH:  0    Dex: 19    Spells: 9/9 levels left
                                        Lives:  0   Deaths: 3

rFire   . .          .
                       - Unarmed
rCold   + . .        (shield unavailable)
rNeg    . . .        (body armour unavailable)
rPois   .            (helmet unavailable)
rElec   .            (cloak unavailable)
rCorr   .            (gloves unavailable)
SInv    +            (boots unavailable)
Will    +....        (no amulet)
Stlth   +            o - +5 ring of evasion
HPRegen 0.27/turn    p - ring of protection from cold
MPRegen 0.12/turn

%: no passive effects
@: flux-form, glowing, quick
A: glow, contaminating, very small, claws 1, fangs 3, see invisible, speed 1,
shaggy fur 2, stealthy paws, no weapons or thrown items, no armour, multi-lived
a: Begin Untransformation, Renounce Religion, Potion Petition, Call Merchant,
Bribe Branch


You were on level 8 of the Dungeon.
You worshipped Gozag.
Gozag was aware of your devotion.
You were something dangerously unstable.
You visited 2 branches of the dungeon, and saw 10 of its levels.

You collected 935 gold pieces.
You spent 555 gold pieces at shops.
You paid 133 gold pieces to Gozag.

Inventory:

Jewellery
 o - a +5 ring of evasion (left paw)
 p - a ring of protection from cold (right paw)
 q - a ring of fire
Talismans
 f - a flux talisman (active)
Wands
 a - a wand of flame (19) (quivered)
 b - a wand of charming (5)
 r - a wand of digging (4)
 x - a wand of paralysis (3)
Scrolls
 d - a scroll of fear
 e - 2 scrolls of immolation {unknown}
 j - 2 scrolls of teleportation
 m - a scroll of amnesia {unknown}
 u - a scroll of summoning {unknown}
 v - a scroll of blinking {unknown}
 w - a scroll of revelation {unknown}
 y - 2 scrolls of enchant weapon {unknown}
 A - 2 scrolls of acquirement {unknown}
 B - a scroll of poison
 C - a scroll of silence
Potions
 g - a potion of cancellation
 h - 3 potions of curing
 i - 3 potions of haste
 k - 2 potions of enlightenment
 l - 2 potions of brilliance
 n - 3 potions of might
 s - 2 potions of lignification
 t - a potion of resistance


   Skills:
 - Level 6.0 Fighting
 * Level 13.1 Dodging
 - Level 1.3 Stealth
 - Level 5.0 Unarmed Combat
 - Level 3.2 Evocations
 - Level 8.0 Shapeshifting


You had 9 spell levels left.
You didn't know any spells.
Your spell library contained the following spells:

 Spells                   Type           Power      Damage    Failure   Level
 Cigotuvi's Dreadful Rot  Necr/Pois/Air  0%         N/A       43%         2
 Dazzling Flash           Conj/Hex       0%         N/A       67%         3
 Volatile Blastmotes      Fire/Tloc      0%         2d10      67%         3
 Dispel Undead            Necr           0%         3d6       97%         4
 Summon Forest            Summ/Tloc      0%         N/A       100%        5
 Summon Mana Viper        Hex/Summ       0%         N/A       100%        5
 Death Channel            Necr           0%         N/A       100%        6
 Starburst                Conj/Fire      0%         6d3       100%        6
 Summon Cactus Giant      Summ           0%         N/A       100%        6
 Maxwell's Capacitive Co  Air            0%         ∞         100%        8


Dungeon Overview and Level Annotations

Branches:
Dungeon (9/15)             Temple (1/1) D:7
   Lair: D:8-11         Orc: D:9-12

Altars:
Ashenzari
Cheibriados
Dithmenos
Elyvilon
Fedhas
Gozag
Hepliaklqana
Kikubaaqudgha
Makhleb
Nemelex Xobeh
Qazlal
Ru
Sif Muna
Trog
Vehumet
Xom
Yredelemnul
The Shining One

Shops:
D:1 !   D:5 (   D:8 ?

Annotations:
D:6 3 runed translucent doors, NitroDragon903's ghost, novice TrSh


Innate Abilities, Weirdness & Mutations

You are something dangerously unstable.
You glow with magical radiation, making you easy to see and hit.
Foes you strike become dangerously contaminated with magical radiation.
You have sharp claws.
You have razor-sharp teeth.
You have supernaturally acute eyesight. (SInv)
You cover ground quickly. (Speed+)
You are covered in thick fur. (AC +2)
Your paws help you pounce on unaware monsters.
You are incapable of wielding weapons or throwing items.
You cannot wear armour.
You gain extra lives every three experience levels.


Message History

Aiming: Throw Flame
Press: ? - help, Shift-Dir - straight line, f - skeletal warrior
Aim: a skeletal warrior, wielding a +0 dire flail (severely damaged, 71% to hit)
The puff of flame hits the skeletal warrior.
The skeletal warrior is almost destroyed.
Aiming: Throw Flame
Press: ? - help, Shift-Dir - straight line, f/p - skeletal warrior
Aim: a skeletal warrior, wielding a +0 dire flail (almost destroyed, 71% to hit)
The puff of flame hits the skeletal warrior but does no damage.
The skeletal warrior is almost destroyed.
Aiming: Throw Flame
Press: ? - help, Shift-Dir - straight line, f/p - skeletal warrior
Aim: a skeletal warrior, wielding a +0 dire flail (almost destroyed, 71% to hit)
The puff of flame misses the skeletal warrior.
You scratch the skeletal warrior but do no damage.
The skeletal warrior begins to glow.
The skeletal warrior is almost destroyed.
The skeletal warrior closely misses you.
You scratch the skeletal warrior.
The skeletal warrior glows dangerously bright.
The skeletal warrior is almost destroyed.
You scratch the skeletal warrior but do no damage.
The skeletal warrior shudders as magic cascades through it.
The skeletal warrior is almost destroyed.
The skeletal warrior completely misses you.
You scratch the skeletal warrior but do no damage.
The skeletal warrior begins to glow.
The skeletal warrior is almost destroyed.
The skeletal warrior hits you with a +0 dire flail!!
Ouch! That really hurt!
You barely miss the skeletal warrior.
You bite the skeletal warrior, but do no damage.
The skeletal warrior is almost destroyed.
The skeletal warrior completely misses you.
You scratch the skeletal warrior but do no damage.
The skeletal warrior glows dangerously bright.
The skeletal warrior is almost destroyed.
The skeletal warrior hits you with a +0 dire flail!!
You die...
Your body crumbles into a pile of gold.

.#<.....#...# #.#.##..# #.#.#..
.#......#)..# #.#.##..# #....##
<........(..####....#..# ###..#
##.....#)#..[..........# #....#
...###.#...#####....##.####.##.#
######.##..#####..........#.##.#
............##.........##.#.##.#
............####)....#.##.#.##.##
...........[)..zp.............>z.
...........#..))##.#.#.#######.##
######.###.#.##.##.#.#...........
..####.# #.#.##.##.#.#########.##
.....#.###.#.##................##
....##.....#.#####.#...........##
.....##......# #.##########..##
........##########.#### #....
....##..#### #........#######..##


You could see a skeletal warrior (heavy contam).

Vanquished Creatures
  2 trolls (D:7)
  A shadow (D:9)
  6 yaks (D:8)
  A water moccasin (D:7)
  2 orc warriors
  2 black bears
  An ice beast (D:7)
  A phantom (D:6)
  A kobold brigand (D:7)
  A gnoll sergeant (D:9)
  A scorpion (D:6)
  3 wights (D:8)
  10 killer bees
  7 howler monkeys
  2 jellies
  6 orc priests
  5 hounds
  A sleepcap (D:6)
  2 iguanas
  10 orc wizards
  8 gnolls
  10 adders
  3 shadow imps
  A white imp (D:5)
  3 worms
  32 orcs
  3 bats
  6 endoplasms
  3 giant cockroaches (D:1)
  5 goblins
  3 hobgoblins
  3 jackals (D:2)
  7 quokkas
  6 ball pythons
  A frilled lizard (D:2)
  8 kobolds
  2 rats
169 creatures vanquished.

Vanquished Creatures (collateral kills)
  Jeremiah (D:6)
  Maggie (D:6)
  2 orcs
4 creatures vanquished.

Vanquished Creatures (others)
  An ogre (D:6)
  An adder (D:3)
2 creatures vanquished.

Grand Total: 175 creatures vanquished

Notes
Turn   | Place    | Note
-------+----------+-------------------------------------------
     0 | D:1      | avis the Felid Artificer began the quest for the Orb.
     0 | D:1      | Reached XP level 1. HP: 9/9 MP: 2/2
   153 | D:1      | Found Senayret's Distillery.
   266 | D:1      | Reached XP level 2. HP: 7/13 MP: 3/3
   898 | D:2      | Reached skill level 4 in Dodging
   930 | D:2      | Reached skill level 1 in Unarmed Combat
   930 | D:2      | Reached XP level 3. HP: 2/16 MP: 4/4
  1609 | D:2      | Reached skill level 5 in Dodging
  1674 | D:2      | Reached XP level 4. HP: 20/20 MP: 5/5
  1904 | D:3      | Found a blossoming altar of Fedhas.
  2188 | D:3      | HP: 1/20 [adder (1)]
  2189 | D:3      | Succumbed to an adder's poison
  2770 | D:4      | Found a sparkling altar of Nemelex Xobeh.
  2804 | D:4      | Reached XP level 5. HP: 24/24 MP: 6/6
  3326 | D:4      | Identified the +5 mace of Cocytus {freeze, rN++ Will-
                  | Int+5}
  3444 | D:5      | Entered Level 5 of the Dungeon
  3605 | D:5      | Reached skill level 6 in Dodging
  3605 | D:5      | Reached skill level 1 in Shapeshifting
  3785 | D:5      | Gained mutation: You are covered in thick fur. (AC +2)
                  | [Felid growth]
  3785 | D:5      | Reached XP level 6. HP: 14/28 MP: 7/7
  3861 | D:5      | Found Fodiqemn's Weapon Boutique.
  3908 | D:5      | Reached skill level 7 in Dodging
  4288 | D:5      | Found a white marble altar of Elyvilon.
  5150 | D:6      | Reached XP level 7. HP: 31/31 MP: 8/8
  5719 | D:6      | Noticed Jeremiah
  5720 | D:6      | Noticed Maggie
  5740 | D:6      | Killed Jeremiah
  5741 | D:6      | Reached skill level 5 in Shapeshifting
  5741 | D:6      | Reached skill level 8 in Dodging
  5820 | D:6      | Killed Maggie
  5821 | D:6      | Reached XP level 8. HP: 33/34 MP: 9/9
  6141 | D:6      | Found a runed translucent gate.
  6141 | D:6      | Found a runed translucent gate.
  6142 | D:6      | Found a runed translucent gate.
  6142 | D:6      | Noticed NitroDragon903's ghost (novice TrSh)
  6143 | D:6      | Identified the +10 plate armour "Suopah" {+Blink rC- Will+
                  | Str+2 Dex+7}
  6318 | D:7      | Noticed a troll
  6340 | D:7      | Found a staircase to the Ecumenical Temple.
  6347 | Temple   | Entered the Ecumenical Temple
  6356 | Temple   | Became a worshipper of Gozag Ym Sagoz the Greedy
  6605 | D:7      | Reached skill level 9 in Dodging
  6754 | D:7      | Killed a troll
  6776 | D:7      | Reached XP level 9. HP: 33/39 MP: 10/10
  6793 | D:7      | Noticed a troll
  6805 | D:7      | Killed a troll
  6806 | D:7      | Reached skill level 10 in Dodging
  6931 | D:7      | Reached skill level 5 in Fighting
  7457 | D:8      | Reached skill level 11 in Dodging
  7871 | D:8      | Reached skill level 12 in Dodging
  8151 | D:8      | Found Biater's Magic Scroll Emporium.
  8163 | D:8      | Bought a scroll of identify for 24 gold pieces
  8163 | D:8      | Bought a scroll of poison for 48 gold pieces
  8163 | D:8      | Bought a scroll of teleportation for 36 gold pieces
  8163 | D:8      | Bought a scroll of silence for 114 gold pieces
  8163 | D:8      | Bought 3 scrolls of vulnerability for 144 gold pieces
  8163 | D:8      | Bought a scroll of enchant armour for 90 gold pieces
  8331 | D:8      | Reached XP level 10. HP: 44/45 MP: 11/11
  8682 | D:1      | Bought a potion of heal wounds for 55 gold pieces
  8682 | D:1      | Bought a potion of brilliance for 44 gold pieces
  8956 | D:9      | Noticed a skeletal warrior
  8956 | D:9      | Noticed a skeletal warrior
  8956 | D:9      | Noticed a skeletal warrior
  8956 | D:9      | Noticed a skeletal warrior
  9066 | D:9      | Reached skill level 13 in Dodging
  9168 | D:9      | Reached skill level 5 in Unarmed Combat
  9188 | D:9      | Mangled by a skeletal warrior
  9301 | D:8      | Slain by a skeletal warrior
  9342 | D:8      | Slain by a skeletal warrior

Illustrated notes

Levels and vault maps discovered:
D:1:      eino_arrival_tree_alley, layout_loops_ring, serial_shops,
          nicolae_shop_tiny_waterfront
D:2:      layout_loops_ring, corexii_shack, grunt_ministairs_14
D:3:      layout_basic, fedhas_altar_3
D:4:      layout_basic, mainiacjoe_overflow_boulevard, minmay_misc_feat_pillars
D:5:      layout_layer_cave, elyvilon_altar_1, serial_shops, shop,
          amethyst_killhole, kennysheep_generic_room_12
D:6:      layout_rooms, biasface_ghost_orc_armoury, uniq_jeremiah, uniq_maggie
D:7:      layout_basic, minmay_temple_entry_statues_pillars
D:8:      layout_basic, serial_shops, shop
D:9:      layout_basic, okawaru_trees_2, minmay_lair_entry_grove,
          enter_bailey_3, grunt_potential
Temple:   hellmonk_temple_of_storms

Skill      XL: |  1  2  3  4  5  6  7  8  9 10 |
---------------+-------------------------------+-----
Fighting       | 2 3 4 6 |  6.0
Dodging        | 4 5 6 7 8 9 12 13 | 13.1
Unarmed Combat | 1 2 3 4 5 |  5.0
Shapeshifting  | 2 3 6 8 |  8.0
Stealth        | |  1.3
Evocations     | |  3.2

Action                     |  1- 3 |  4- 6 |  7- 9 | 10-12 || total
---------------------------+-------+-------+-------+-------++-------
  Melee: Unarmed           |   155 |   256 |   344 |   104 ||   859
         Bite              |    20 |    28 |    54 |    17 ||   119
         Punch             |       |     5 |     1 |       ||     6
  Evoke: Wand              |       |    15 |    20 |     3 ||    38
    Use: Scroll            |       |       |    10 |       ||    10
         Potion            |       |       |       |     1 ||     1
   Stab: Sleeping          |     7 |     2 |       |       ||     9
         Paralysed         |       |       |     4 |       ||     4
 Armour: Skin              |    30 |    41 |    46 |    18 ||   135
  Dodge: Dodged            |   119 |   217 |   300 |   107 ||   743
   Form: Flux              |       |       |     1 |       ||     1

Table legend: (Time is in decaauts)
 A = Elapsed time spent in this place.
 B = Non-inter-level travel time spent in this place.
 C = Inter-level travel time spent in this place.
 D = Time resting spent in this place.
 E = Time spent auto-exploring this place.
 F = Levels seen in this place.
 G = Mean time per level.
                   A        B        C        D        E       F      G
               +--------+--------+--------+--------+--------+-----+--------+
         Total |   8042 |   7114 |    928 |   1546 |   3280 |  10 |  804.2 |
       Dungeon |   8008 |   7090 |    918 |   1546 |   3280 |   9 |  889.8 |
        Temple |     34 |     24 |     10 |      0 |      0 |   1 |   34.0 |
               +--------+--------+--------+--------+--------+-----+--------+

Top non-repeatable levels by time:
     D:5: 1596 daAuts
     D:8: 1251 daAuts
     D:2: 912 daAuts
     D:4: 856 daAuts
     D:7: 826 daAuts
     D:1: 785 daAuts
     D:6: 748 daAuts
     D:3: 719 daAuts
     D:9: 311 daAuts
  Temple: 34 daAuts
